 Dungeon Crawl Stone Soup version 0.30.0-29-ga12c61a403 (webtiles) character file.

Game seed: 17395591639828959663

3418 monsoonserge the Cleaver (level 10, -6/86 HPs)
             Began as a Hill Orc Fighter on June 23, 2023.
             Was a Believer of Makhleb.
             Mangled by an orc warrior
             ... wielding a +0 bardiche
              (16 damage)
             ... in a bailey.
             The game lasted 00:20:37 (6514 turns).

monsoonserge the Cleaver (Hill Orc Fighter)         Turns: 6514, Time: 00:20:37

Health: -6/86      AC:  7    Str: 24    XL:     10   Next: 5%
Magic:  13/13      EV: 12    Int:  8    God:    Makhleb [**....]
Gold:   157        SH: 10    Dex: 14    Spells: 9/9 levels left

rFire   . . .        u - +8 broad axe "Haokausk" {freeze, +Blink rElec Dex+4}
rCold   . . .        c - +0 buckler
rNeg    . . .        e - +0 steam dragon scales
rPois   .            p - +0 helmet
rElec   +            E - scarf {+Inv}
rCorr   .            (no gloves)
SInv    .            (no boots)
Will    .....        x - amulet of reflection
Stlth   ++           o - +4 ring of slaying
HPRegen 0.34/turn    (no ring)
MPRegen 0.13/turn

%: reflection
@: mighty
A: no striking features
a: Renounce Religion, Evoke Blink, Evoke Invisibility, Minor Destruction


You were in a bailey.
You worshipped Makhleb.
Makhleb was pleased with you.
You visited 2 branches of the dungeon, and saw 8 of its levels.
You also visited: Bailey.

You collected 492 gold pieces.
You spent 335 gold pieces at shops.

Inventory:

Hand Weapons
 u - the +8 broad axe "Haokausk" (weapon) {freeze, +Blink rElec Dex+4}
   (You bought it in a shop on level 1 of the Dungeon)

   Dex:       It affects your dexterity (+4).
   rElec:     It insulates you from electricity.
   +Blink:    It lets you blink.
Missiles
 b - 2 poisoned darts (quivered)
 t - 3 atropa-tipped darts
 w - a throwing net
 z - a curare-tipped dart
Armour
 c - a +0 buckler (worn)
 e - +0 steam dragon scales (worn)
 p - a +0 helmet (worn)
 E - a scarf of invisibility (worn)
Jewellery
 o - a +4 ring of slaying (left hand)
 x - an amulet of reflection (around neck)
Scrolls
 f - a scroll of torment {unknown}
 i - a scroll of enchant armour {unknown}
 j - a scroll of enchant weapon {unknown}
 k - a scroll of blinking {unknown}
 l - 3 scrolls of identify
 m - a scroll of vulnerability {unknown}
 q - a scroll of brand weapon {unknown}
 v - 4 scrolls of fear
 y - 2 scrolls of teleportation
 B - a scroll of immolation {unknown}
 F - a scroll of noise {unknown}
Potions
 a - 4 potions of mutation
 d - a potion of might
 g - 3 potions of curing
 h - 2 potions of attraction
 n - 3 potions of haste
 r - a potion of ambrosia {unknown}
 s - 3 potions of flight
 A - a potion of lignification {unknown}
 C - a potion of invisibility {unknown}
 D - 4 potions of brilliance {unknown}
 G - 2 potions of heal wounds
 H - 2 potions of resistance {unknown}


   Skills:
 + Level 7.6 Fighting
 + Level 12.0 Axes
 - Level 0.6(6.4) Maces & Flails
 + Level 0.9 Throwing
 - Level 4.6 Armour
 + Level 2.2 Dodging
 + Level 1.4 Stealth
 + Level 5.1 Shields
 * Level 4.2 Invocations
 * Level 5.3 Evocations


You had 9 spell levels left.
You didn't know any spells.
Your spell library contained the following spells:

 Spells                   Type           Power      Damage    Failure   Level
 Beastly Appendage        Tmut           0%         N/A       45%         1
 Passwall                 Tmut/Erth      0%         N/A       61%         2
 Wereblood                Tmut           0%         N/A       61%         2
 Spider Form              Tmut/Pois      0%         N/A       83%         3
 Summon Ice Beast         Ice/Summ       0%         N/A       99%         4
 Summon Forest            Summ/Tloc      0%         N/A       100%        5
 Storm Form               Tmut/Air       0%         N/A       100%        7


Dungeon Overview and Level Annotations

Branches:
Dungeon (7/15)             Temple (1/1) D:4          Bailey (1/1)

Altars:
Ashenzari
Cheibriados
Dithmenos
Elyvilon
Fedhas
Gozag
Hepliaklqana
Kikubaaqudgha
Makhleb
Nemelex Xobeh
Qazlal
Ru
Sif Muna
Uskayaw
Vehumet
Wu Jian
Xom
Yredelemnul
Zin
The Shining One

Shops:
D:1 (   D:6 [

Annotations:
D:6 1 runed translucent door, turdburglar's ghost, novice TrFi


Message History

You slash the orc! You freeze the orc.
You kill the orc!
Makhleb accepts your kill. You block the orc's attack.
Aiming: Minor Destruction (2% risk of failure)
Press: ? - help, Shift-Dir - straight line, f - orc
Aim: an orc, wielding a +0 halberd and wearing a +0 scale mail (strong)
Okay, then.
You feel very mighty all of a sudden. You block the orc's attack.
The orc knight hits you from afar with a +0 glaive!!
The orc barely misses you.
An orc warrior comes into view. It is wielding a +0 bardiche.
You block the orc knight's attack.
You completely miss the orc knight. You barely miss the orc.
The orc barely misses you. The orc hits you with a +0 halberd!!
The orc knight hits you with a +0 glaive!
Unknown command.
You closely miss the orc knight. You barely miss the orc. You slice the orc!!
You freeze the orc.
You kill the orc!
Makhleb accepts your kill. You block the orc knight's attack.
You block the orc's attack. The orc misses you.
Unknown command.
You slice the orc knight!! You freeze the orc knight.
The orc knight is moderately wounded.
You slice the orc!! You freeze the orc.
You kill the orc!
Makhleb accepts your kill.
You feel better. The orc knight barely misses you. You block the orc's attack.
The orc hits you from afar with a +0 trident!
* * * LOW HITPOINT WARNING * * *
You block the orc knight's attack.
You slice the orc knight!! You freeze the orc knight!
The orc knight is severely wounded.
The orc knight hits you with a +0 glaive!
* * * LOW HITPOINT WARNING * * *
The orc warrior hits you from afar with a +0 bardiche!
You die...

###### #######
##.....#########.....##
+......o#)....#.......####
+....#.o'@....'...##..#...
+......)o)....'....8))'...
+....#..).....'...##).#...
+.......#.....#..)))..####
##.....#########..)..##
###### #######


You could see an orc knight, an orc warrior (strong) and an orc (strong).

Vanquished Creatures
  Pikel (D:6)
  Maggie (D:6)
  Grinder (D:6)
  Menkaure (D:6)
  A water moccasin (D:6)
  4 ice beasts
  3 ogres (D:4)
  3 orc warriors (Bailey)
  A centaur (D:6)
  4 lemures (D:6)
  A phantom (D:5)
  2 kobold brigands
  2 scorpions (D:5)
  2 bullfrogs (D:4)
  A howler monkey (D:4)
  A hound (D:6)
  4 jellies
  An orc priest (D:4)
  Crazy Yiuf (D:3)
  A sleepcap (D:7)
  Jessica (D:3)
  Natasha (thrice) (D:2)
  4 iguanas
  4 orc wizards
  11 adders
  7 gnolls
  A white imp (D:6)
  An ufetubus (D:4)
  3 worms
  3 dart slugs
  33 orcs
  11 ball pythons
  9 endoplasms
  5 giant cockroaches
  6 hobgoblins
  10 jackals
  3 quokkas
  9 bats
  2 frilled lizards (D:1)
  13 goblins
  15 kobolds
  7 rats
197 creatures vanquished.

Notes
Turn   | Place    | Note
-------+----------+-------------------------------------------
     0 | D:1      | monsoonserge the Hill Orc Fighter began the quest for the
                  | Orb.
     0 | D:1      | Reached XP level 1. HP: 19/19 MP: 1/1
   119 | D:1      | Reached XP level 2. HP: 27/27 MP: 2/2
   140 | D:1      | Reached skill level 3 in Axes
   378 | D:1      | Reached XP level 3. HP: 31/33 MP: 3/3
   480 | D:1      | Found Xemoug's Antique Weapon Boutique.
   578 | D:1      | Reached skill level 4 in Axes
   711 | D:2      | Noticed Natasha
   726 | D:2      | Killed Natasha
   727 | D:2      | Reached XP level 4. HP: 20/40 MP: 4/4
   871 | D:2      | Noticed Natasha
   879 | D:2      | Killed Natasha
  1056 | D:2      | Reached skill level 5 in Axes
  1145 | D:2      | Reached XP level 5. HP: 47/47 MP: 5/5
  1258 | D:2      | Noticed Natasha
  1269 | D:2      | Killed Natasha
  1475 | D:3      | Found a glowing silver altar of Zin.
  1634 | D:3      | Noticed Jessica
  1638 | D:3      | Killed Jessica
  1868 | D:3      | Found a runed translucent door.
  1869 | D:3      | Noticed Crazy Yiuf
  2098 | D:3      | Reached skill level 1 in Dodging
  2098 | D:3      | Reached XP level 6. HP: 44/53 MP: 2/6
  2213 | D:3      | Found a shimmering altar of Xom.
  2723 | D:1      | Bought a twisted broad axe for 207 gold pieces
  2723 | D:1      | Identified the +8 broad axe "Haokausk" {freeze, +Blink
                  | rElec Dex+4} (You bought it in a shop on level 1 of the
                  | Dungeon)
  2901 | D:3      | Killed Crazy Yiuf
  3094 | D:4      | Reached skill level 5 in Fighting
  3094 | D:4      | Reached skill level 6 in Axes
  3246 | D:4      | Reached skill level 1 in Evocations
  3250 | D:4      | Reached skill level 7 in Axes
  3250 | D:4      | Reached XP level 7. HP: 41/61 MP: 7/7
  3290 | D:4      | Got Teyghops's Vellum of Variation and the Throng
  3509 | D:4      | Reached skill level 8 in Axes
  3513 | D:4      | Found a shimmering blue altar of Sif Muna.
  3662 | D:4      | Found a shadowy altar of Dithmenos.
  3779 | D:4      | Found a staircase to the Ecumenical Temple.
  3796 | Temple   | Entered the Ecumenical Temple
  3923 | Temple   | Became a worshipper of Makhleb the Destroyer
  4011 | D:5      | Entered Level 5 of the Dungeon
  4017 | D:5      | Reached XP level 8. HP: 67/70 MP: 8/8
  4023 | D:5      | Found a broken altar of Ashenzari.
  4040 | D:4      | Reached skill level 1 in Invocations
  4154 | D:5      | Reached skill level 9 in Axes
  4541 | D:5      | Found a snail-covered altar of Cheibriados.
  4922 | D:6      | Found a basalt altar of Yredelemnul.
  4934 | D:6      | Noticed Pikel
  4950 | D:6      | Killed Pikel
  4951 | D:6      | Reached skill level 10 in Axes
  4951 | D:6      | Reached XP level 9. HP: 69/78 MP: 9/11
  4996 | D:6      | Found a runed translucent door.
  5010 | D:6      | Reached * piety under Makhleb
  5023 | D:6      | Found a glowing golden altar of the Shining One.
  5045 | D:6      | Noticed turdburglar's ghost (novice TrFi)
  5143 | D:6      | Noticed Maggie
  5145 | D:6      | Noticed Menkaure
  5150 | D:6      | Killed Maggie
  5155 | D:6      | Killed Menkaure
  5417 | D:6      | Identified the +2 scale mail of the Lonely Lies {Rampage
                  | *Corrode rElec Str-3}
  5475 | D:6      | Found an ancient bone altar of Kikubaaqudgha.
  5480 | D:6      | Reached skill level 11 in Axes
  5752 | D:6      | Found Ykeriw's Antique Armour Shop.
  5764 | D:6      | Bought a glowing scarf for 128 gold pieces
  5913 | D:6      | Noticed Grinder
  5915 | D:6      | Killed Grinder
  5916 | D:6      | Reached skill level 1 in Stealth
  6091 | D:7      | Identified the +7 rapier "Bacw" {heavy, rPois rC+ rN+}
  6160 | D:7      | Reached skill level 5 in Evocations
  6208 | D:7      | Found a flagged portal.
  6217 | Bailey   | Entered a bailey
  6240 | Bailey   | Reached skill level 5 in Shields
  6251 | Bailey   | Reached XP level 10. HP: 47/86 MP: 13/13
  6395 | Bailey   | Reached skill level 12 in Axes
  6398 | Bailey   | Reached ** piety under Makhleb
  6499 | Bailey   | Noticed an orc knight
  6514 | Bailey   | Mangled by an orc warrior

Illustrated notes

Levels and vault maps discovered:
D:1:      saegor_arrival_simple_d, layout_loops_cross, serial_shops,
          nicolae_diamond_shop
D:2:      layout_basic, minmay_misc_feat_tiny, mrwooster_statue_mirror,
          uniq_natasha
D:3:      layout_basic, mainiacjoe_overflow_alcove_2, amcnicky_altar_gilded,
          nicolae_concentric_dashed_squares_mild, hangedman_glass_teeth,
          uniq_crazy_yiuf_cottage, uniq_jessica
D:4:      minmay_clustersquares, layout_cave_pools,
          grunt_dithmenos_smoke_and_mirrors, mainiacjoe_overflow_brackets,
          minmay_temple_entry_nine_rooms, kennysheep_windowed_goal
D:5:      layout_loops_ring, general_overflow_altar, kennysheep_slug_shrine,
          grunt_ministairs_5, kennysheep_pointless_box
D:6:      layout_basic, mainiacjoe_overflow_paths,
          nicolae_tso_swordbearing_angel, mainiacjoe_overflow_alcove_1,
          serial_shops, shop, ebering_ghost_sewer_d, uniq_pikel, uniq_grinder,
          uniq_menkaure, uniq_maggie
D:7:      layout_basic, enter_bailey_4, kennysheep_donut
Temple:   jpeg_temple_clearing
Bailey:   bailey_polearm_5, bailey

Skill      XL: |  1  2  3  4  5  6  7  8  9 10 |
---------------+-------------------------------+-----
Axes           | 3 4 5 7 8 10 11 12 | 12.0
Fighting       | 4 5 6 7 |  7.6
Armour         | 4 |  4.6
Dodging        | 1 2 |  2.2
Shields        | 4 5 |  5.1
Evocations     | 1 2 4 5 |  5.3
Invocations    | 3 4 |  4.2
Stealth        | 1 |  1.4
Maces & Flails | |  0.6
Throwing       | |  0.9

Action                     |  1- 3 |  4- 6 |  7- 9 | 10-12 || total
---------------------------+-------+-------+-------+-------++-------
  Melee: War axe           |    98 |    78 |       |       ||   176
         Mace              |       |    23 |       |       ||    23
         Broad axe         |       |    24 |   151 |    17 ||   192
  Throw: Dart              |       |       |     5 |       ||     5
 Invoke: Minor Destruction |       |       |       |     1 ||     1
    Use: Scroll            |       |       |     7 |       ||     7
         Potion            |       |       |       |     1 ||     1
   Stab: Sleeping          |       |       |     2 |       ||     2
 Armour: Scale mail        |    51 |    42 |    23 |       ||   116
         Steam dragon scal |       |       |    11 |     3 ||    14
  Dodge: Dodged            |    52 |    59 |    68 |    10 ||   189
  Block: Buckler           |    27 |    29 |    71 |    19 ||   146
         Reflection        |       |       |     7 |       ||     7
